 Dungeon Crawl Stone Soup version 0.31.0-12-g77e489cdc1 (webtiles) character file.

Game seed: 4589217625059347299

4828 lonewolfV2 the Protected (level 10, -3/80 HPs)
             Began as a Formicid Fighter on Feb 15, 2024.
             Slain by an orc knight
             ... wielding a +0 halberd
              (17 damage)
             ... in a bailey.
             The game lasted 00:13:32 (9952 turns).

lonewolfV2 the Protected (Formicid Fighter)         Turns: 9952, Time: 00:13:33

Health: -3/80      AC: 12    Str: 22    XL:     10   Next: 77%
Magic:  10/10      EV:  9    Int:  9    God:
Gold:   325        SH:  9    Dex: 21    Spells: 9/9 levels left

rFire   . . .        a - +0 war axe (drain)
rCold   . . .        c - +1 buckler
rNeg    . . .        b - +0 scale mail
rPois   .            (helmet unavailable)
rElec   .            l - +0 cloak
rCorr   .            q - +0 pair of gloves
SInv    +            (no boots)
Will    +....        (no amulet) Stlth
                     e - +6 ring of dexterity
HPRegen 0.33/turn    (no ring)
MPRegen 0.12/turn

%: no passive effects
@: mighty
A: permanent stasis, dig shafts and tunnels, antennae 3, four strong arms
a: Dig


You were in a bailey.
You visited 2 branches of the dungeon, and saw 9 of its levels.
You also visited: Bailey.

You collected 325 gold pieces.

Inventory:

Hand Weapons
 a - a +0 war axe of draining (weapon)
Armour
 b - a +0 scale mail (worn)
 c - a +1 buckler (worn)
 l - a +0 cloak (worn)
 q - a +0 pair of gloves (worn)
Jewellery
 e - a +6 ring of dexterity (left hand)
Wands
 j - a wand of charming (9)
 n - a wand of flame (23)
 p - a wand of quicksilver (9)
 w - a wand of polymorph (8)
Scrolls
 m - 2 scrolls of enchant armour
 o - a scroll of vulnerability
 u - 2 scrolls of amnesia
Potions
 d - a potion of might
 f - 4 potions of degeneration
 g - 2 potions of enlightenment
 h - 2 potions of mutation
 i - 2 potions of brilliance
 k - 2 potions of lignification
 s - a potion of ambrosia {unknown}
 t - a potion of cancellation {unknown}
 v - 2 potions of haste


   Skills:
 * Level 8.2 Fighting
 - Level 6.0 Axes
 - Level 11.0 Armour
 + Level 10.8 Shields


You had 9 spell levels left.
You didn't know any spells.
Your spell library contained the following spells:

 Spells                   Type           Power      Damage    Failure   Level
 Apportation              Tloc           0%         N/A       69%         1
 Foxfire                  Conj/Fire      0%         2x1d4     69%         1
 Jinxbite                 Hex            0%         N/A       83%         2
 Fugue of the Fallen      Necr           0%         N/A       96%         3
 Ozocubu's Armour         Ice            0%         N/A       96%         3
 Manifold Assault         Tloc           0%         N/A       100%        4
 Olgreb's Toxic Radiance  Alch           0%         N/A       100%        4
 Alistair's Intoxication  Alch           0%         N/A       100%        5
 Fireball                 Conj/Fire      0%         3d3       100%        5
 Plasma Beam              Fire/Air       0%         2x1d10    100%        6
 Starburst                Conj/Fire      0%         6d3       100%        6
 Orb of Destruction       Conj           0%         9d5       100%        7
 Ozocubu's Refrigeration  Ice            0%         4d7       100%        7
 Discord                  Hex            0%         N/A       100%        8


Dungeon Overview and Level Annotations

Branches:
Dungeon (8/15)             Temple (1/1) D:5          Bailey (1/1)
   Lair: D:8-11

Altars:
Ashenzari
Cheibriados
Dithmenos
Elyvilon
Gozag
Hepliaklqana
Kikubaaqudgha
Makhleb
Nemelex Xobeh
Okawaru
Ru
Sif Muna
Trog
Uskayaw
Wu Jian
Xom
Yredelemnul
Zin
The Shining One


Innate Abilities, Weirdness & Mutations

You cannot be hasted, slowed, berserked, paralysed or teleported.
You can dig through walls and to a lower floor.
You have a pair of large antennae on your head. (SInv)
Your four strong arms can wield two-handed weapons with a shield.


Message History

Moving in this stuff is going to be slow.
You open the gate.
Found two gates leading back out of this place.
There is an open gate here.
You pick up the Excursus on Wounds and begin reading...
It was the Excursus on Wounds.
You add the spells Fireball and Orb of Destruction to your library.
You open the door.
An orc warrior, an orc and an orc knight come into view.
The orc warrior shouts!
The orc shouts!
The orc knight shouts!
Found a potion of experience and a runed quarterstaff.
Found a roughly hewn altar of Beogh.
You feel very mighty all of a sudden.
The orc knight hits you from afar with a +0 halberd!
The orc knight attacks as it pursues you!
The orc knight hits you from afar with a +0 halberd!
There is an open gate, spattered with blood here.
The orc warrior hits you from afar with a +0 halberd.
The orc hits you but does no damage.
The orc knight hits you with a +0 halberd!
You slice the orc knight!!
The orc knight is moderately wounded.
The orc warrior hits you from afar with a +0 halberd.
The orc barely misses you.
The orc warrior hits you but does no damage.
The orc closely misses you.
The orc knight roars a battlecry!
The orcs go into a battle-frenzy!
There is an open door, spattered with blood here.
The orc warrior hits you from afar with a +0 halberd!
The orc barely misses you.
The orc knight hits you with a +0 halberd!
* * * LOW HITPOINT WARNING * * *
You closely miss the orc knight.
The orc knight is moderately wounded.
You block the orc warrior's attack.
The orc hits you from afar with a +0 halberd.
* * * LOW HITPOINT WARNING * * *
The orc knight hits you with a +0 halberd!
You die...

..~~~~~~~~~##~~~~~~~##~~~~)~)~~..
..~~~~~~~~##~~#'#'#~~##~~~~~~~~..
..~~~~~~~~#~~##.#)##~~#~~~~~~~~..
..~~~~~~~##~#########~##~~~~~~~..
..~~~~~~~##~')#).!#)'~##~~~~~~~..
..~~~~~~~##~###._.###~##~~~~~~~..
..~~~~~~~##~'.#oo.#)'~##~~~~~~~..
..~~~~~~~##~####'####~##~~~~~~~..
..~~~~~~~~#~~##∩@o##~~##~~~~~~~..
..~~~~~~~~##~~#'''##~~~~~~~~~~~..
..~~~)~~~~~##~~~~~##~~~~~~~~~~~..
..~≈≈)≈≈≈~~~##~~~~##~~~~≈≈≈~≈≈~..
..≈≈#.##≈~~~~#######~~~~≈##.#≈≈..
..≈##.∩#≈~~~~~~~~~~~~~~~≈#∩.##≈..
..≈#....~~~~~~~~~~~~~~~~~))).#≈..
..≈##.##≈~~~~~~~~~~~~~~~≈##.##≈..
..≈≈###≈≈~~~~~~~~~~~~~~~≈≈###≈≈..


You could see an orc knight, an orc warrior (strong) and an orc (strong).

Vanquished Creatures
  Pikel (D:6)
  A troll (D:8)
  Eustachio (D:5)
  Menkaure (D:5)
  Edmund (D:5)
  Duvessa (D:7)
  11 orc warriors
  3 black bears
  2 ice beasts
  2 wolves (D:8)
  An ogre (D:6)
  3 centaurs
  A phantom (D:4)
  A kobold brigand (D:7)
  A lemure (D:6)
  2 bullfrogs (D:7)
  A wyvern zombie (D:7)
  3 scorpions
  Dowan (D:7)
  An electric eel (D:8)
  3 bombardier beetles
  A centaur zombie (D:7)
  5 orc priests
  9 hounds
  3 sleepcaps
  Crazy Yiuf (D:2)
  Terence (D:2)
  3 orc wizards
  Natasha (thrice) (D:3)
  An iguana (D:4)
  4 killer bee zombies (D:7)
  2 howler monkey zombies (D:7)
  3 gnolls (D:4)
  6 adders
  2 ufetubi (D:7)
  3 ribbon worms
  A dart slug (D:3)
  31 orcs
  5 ball pythons
  7 endoplasms
  5 giant cockroaches
  9 goblins
  5 hobgoblins
  3 jackals (D:4)
  6 kobolds
  3 quokkas
  5 bats
  3 frilled lizards (D:2)
  4 rats
176 creatures vanquished.

Notes
Turn   | Place    | Note
-------+----------+-------------------------------------------
     0 | D:1      | lonewolfV2 the Formicid Fighter began the quest for the
                  | Orb.
     0 | D:1      | Reached XP level 1. HP: 18/18 MP: 1/1
    47 | D:1      | Found a faded altar of an unknown god.
   378 | D:1      | Reached XP level 2. HP: 24/24 MP: 2/2
  1110 | D:2      | Reached XP level 3. HP: 29/30 MP: 3/3
  1161 | D:2      | Noticed Terence
  1178 | D:2      | Killed Terence
  1179 | D:2      | Reached XP level 4. HP: 7/37 MP: 4/4
  1663 | D:2      | Found a runed translucent door.
  1664 | D:2      | Noticed Crazy Yiuf
  2055 | D:2      | Killed Crazy Yiuf
  2107 | D:3      | Noticed Natasha
  2112 | D:3      | Killed Natasha
  2113 | D:3      | Reached XP level 5. HP: 34/43 MP: 5/5
  2418 | D:3      | Reached XP level 6. HP: 49/49 MP: 6/6
  2861 | D:3      | Noticed Natasha
  2868 | D:3      | Killed Natasha
  2869 | D:3      | Reached skill level 5 in Axes
  3073 | D:3      | Noticed Natasha
  3164 | D:3      | Killed Natasha
  3165 | D:3      | Reached skill level 5 in Fighting
  3217 | D:4      | Noticed a black bear
  3227 | D:4      | Killed a black bear
  3289 | D:4      | Found a hide-covered altar of Uskayaw.
  3318 | D:4      | Noticed a +0 hand axe
  3319 | D:4      | Noticed a +0 hand axe
  3410 | D:4      | Reached XP level 7. HP: 41/56 MP: 7/7
  3814 | D:5      | Entered Level 5 of the Dungeon
  3834 | D:5      | Reached skill level 4 in Armour
  3834 | D:5      | HP: 2/58 [burnt (4)]
  4043 | D:5      | Found a staircase to the Ecumenical Temple.
  4052 | D:5      | Noticed Edmund
  4056 | Temple   | Entered the Ecumenical Temple
  4095 | D:5      | Killed Edmund
  4096 | D:5      | Reached skill level 5 in Shields
  4096 | D:5      | Reached XP level 8. HP: 47/62 MP: 8/8
  4284 | D:5      | Noticed Eustachio
  4290 | D:5      | Reached skill level 5 in Armour
  4317 | D:5      | Killed Eustachio
  4458 | D:5      | Reached skill level 6 in Armour
  4472 | D:5      | Noticed Menkaure
  4485 | D:5      | Killed Menkaure
  5010 | D:5      | Found a snail-covered altar of Cheibriados.
  5013 | D:5      | Found a burning altar of Makhleb.
  5015 | D:5      | Found a shadowy altar of Dithmenos.
  5015 | D:5      | Found an ornate altar of the Wu Jian Council.
  5015 | D:5      | Found a shimmering altar of Xom.
  5016 | D:5      | Found a white marble altar of Elyvilon.
  5020 | D:5      | Found a broken altar of Ashenzari.
  5021 | D:5      | Found a basalt altar of Yredelemnul.
  5072 | D:6      | Reached skill level 7 in Armour
  5304 | D:6      | Reached XP level 9. HP: 69/69 MP: 9/9
  5338 | D:6      | Noticed Pikel
  5364 | D:6      | HP: 3/69 [Pikel/+2 whip of electrocution (7)]
  5365 | D:6      | Killed Pikel
  5366 | D:6      | Reached skill level 8 in Armour
  5868 | D:6      | Reached skill level 9 in Armour
  6290 | D:7      | Found a bloodstained altar of Trog.
  6722 | D:7      | Reached skill level 10 in Armour
  6817 | D:7      | Reached XP level 10. HP: 71/76 MP: 10/10
  6929 | D:7      | Noticed Dowan
  6930 | D:7      | Noticed Duvessa
  6947 | D:7      | Killed Duvessa
  6954 | D:7      | Killed Dowan
  7407 | D:7      | Reached skill level 11 in Armour
  7715 | D:8      | Found a flagged portal.
  7756 | D:8      | Reached skill level 10 in Shields
  8269 | Bailey   | Entered a bailey
  9944 | Bailey   | Got the Excursus on Wounds
  9945 | Bailey   | Noticed an orc knight
  9952 | Bailey   | Slain by an orc knight

Illustrated notes

Levels and vault maps discovered:
D:1:      dpeg_arrival_round_b, layout_loops_corners,
          hellmonk_ecumenical_altar_heavens_door, st_stairs_10,
          kennysheep_flooded_box, minmay_misc_feat_chi
D:2:      layout_loops_ring, uniq_crazy_yiuf_cottage, uniq_terence
D:3:      layout_basic, chequers_serial_rivers_micro_e, minmay_bisected,
          uniq_natasha
D:4:      layout_basic, dancing_weapons_uskayaw
D:5:      layout_loops_cross, minitemple, minmay_temple_entry_sparse_star,
          uniq_edmund, uniq_eustachio, uniq_menkaure
D:6:      layout_loops_ring, uniq_pikel
D:7:      layout_basic, lemuel_tele_altar, serial_undead, serial_undead_c,
          serial_undead_f, serial_undead_c, serial_undead_c, serial_undead_d,
          uniq_duvessa
D:8:      layout_loops_corners, fedhas_altar_4, erik_lair_island, enter_bailey_6
Temple:   chequers_temple_sunken
Bailey:   bailey_polearm_2, bailey

Skill      XL: |  1  2  3  4  5  6  7  8  9 10 |
---------------+-------------------------------+-----
Axes           | 3 4 5 6 |  6.0
Fighting       | 4 5 6 8 |  8.2
Armour         | 4 7 10 11 | 11.0
Shields        | 5 6 9 10 | 10.8

Action                     |  1- 3 |  4- 6 |  7- 9 | 10-12 || total
---------------------------+-------+-------+-------+-------++-------
  Melee: War axe           |    57 |   101 |   256 |   217 ||   631
Ability: Dig               |       |     2 |       |       ||     2
  Evoke: Wand              |       |       |     3 |     2 ||     5
    Use: Scroll            |     2 |     7 |     4 |     3 ||    16
         Potion            |       |       |     5 |     1 ||     6
 Armour: Scale mail        |    35 |    79 |   231 |   208 ||   553
  Dodge: Dodged            |    25 |    51 |   141 |   122 ||   339
  Block: Buckler           |    17 |    40 |   113 |   137 ||   307
